 Dungeon Crawl Stone Soup version 0.25-a0-661-g55ea3d2 (webtiles) character file.

Game seed: 4408232516783171466, levelgen mode: deterministic

95347 MrTaco21 the Peltast (level 16, 0/107 HPs)
             Began as a Gargoyle Fighter on Mar 23, 2020.
             Was a High Priest of Qazlal.
             Slain by a tentacled starspawn (2 damage)
             ... on level 1 of the Abyss.
             The game lasted 01:10:50 (25365 turns).

MrTaco21 the Peltast (Gargoyle Fighter)            Turns: 25365, Time: 01:10:51

Health: 0/107      AC: 29    Str: 24 (25) XL:     16   Next: 13%
Magic:  24/24      EV:  8    Int:  8 (10) God:    Qazlal [*****.]
Gold:   1553       SH: 21    Dex:  9      Spells: 15/15 levels left

rFire    + . .     SeeInvis .   A - +2 flail (protect)
rCold    + + .     Gourm    .   G - +0 kite shield
rNeg     + + +     Faith    .   X - +2 chain mail of the Ecumenical Temple {rElec rC+ rN+ MR+}
rPois    ∞         Spirit   .   g - +0 helmet
rElec    +         Reflect  .   Z - scarf {rC+ rF+}
rCorr    .         Harm     .   I - +0 pair of gloves
MR       ++++.                  z - -2 pair of boots
Stlth    ..........             y - amulet of regeneration
HPRegen  0.67/turn              r - ring of positive energy
MPRegen  0.19/turn              R - ring of the Mage {Wiz MR++ Int+3}

@: about to teleport, flying, studying Slings, repel missiles
A: big wings, [blurry vision 3], [deterioration 2], [dopey 2], negative energy
resistance 1, electricity resistance, unbreathing, petrification resistance, [no
potion heal 2], rot immunity, AC +12
a: Stop Flying, Upheaval, Elemental Force, Disaster Area, Renounce Religion


You were on level 1 of the Abyss.
You worshipped Qazlal.
Qazlal was extremely pleased with you.
You were not hungry.

You visited 4 branches of the dungeon, and saw 23 of its levels.
You visited the Abyss 1 time.
You also visited: Sewer and Ice Cave.

You collected 1553 gold pieces.

Inventory:

Hand Weapons
 A - a +2 flail of protection (weapon)
   (You took it off Edmund on level 6 of the Dungeon)
Missiles
 k - 72 poisoned darts (quivered)
Armour
 g - a +0 helmet (worn)
   (You found it on level 10 of the Dungeon)
 x - a +2 cloak
   (You took it off Crazy Yiuf on level 2 of the Dungeon)
 z - a -2 pair of boots (worn)
   (You found it on level 5 of the Lair of Beasts)
 G - a +0 kite shield (worn)
 I - a +0 pair of gloves (worn)
   (You found it on level 4 of the Dungeon)
 X - the +2 chain mail of the Ecumenical Temple (worn) {rElec rC+ rN+ MR+}
   (You found it on level 3 of the Lair of Beasts)

   It protects you from cold.
   It insulates you from electricity.
   It protects you from negative energy.
   It affects your resistance to hostile enchantments.
 Z - a scarf of resistance (worn)
   (You found it on level 5 of the Lair of Beasts)
Jewellery
 r - a ring of positive energy (left hand)
   (You found it on level 2 of the Dungeon)
 y - an amulet of regeneration (around neck)
   (You found it on level 3 of the Dungeon)
 R - the ring of the Mage (right hand) {Wiz MR++ Int+3}
   (You took it off an orc on level 11 of the Dungeon)

   [ring of wizardry]

   It improves your spell success rate.
   It affects your intelligence (+3).
   It affects your resistance to hostile enchantments.
Wands
 c - a wand of disintegration (35)
   (You took it off a goblin on level 4 of the Dungeon)
 d - a wand of iceblast (11)
   (You found it on level 7 of the Dungeon)
 q - a wand of clouds (3)
   (You found it on level 12 of the Dungeon)
 u - a wand of paralysis (19)
   (You found it on level 3 of the Dungeon)
 P - a wand of polymorph (8)
   (You found it on level 5 of the Lair of Beasts)
 W - a wand of scattershot (6)
   (You found it on level 2 of the Lair of Beasts)
Scrolls
 a - 5 scrolls of fog
 b - 4 scrolls of brand weapon
 f - 11 scrolls of teleportation {@r4}
 h - 6 scrolls of remove curse {@r2}
 n - 6 scrolls of magic mapping
 p - 3 scrolls of amnesia
 s - 7 scrolls of enchant weapon
 w - 3 scrolls of fear
 B - 8 scrolls of immolation {!r}
 D - 3 scrolls of enchant armour
 J - 2 scrolls of summoning
 L - 2 scrolls of vulnerability {!r}
 S - a scroll of holy word {unknown}
 U - 2 scrolls of silence
Potions
 i - 7 potions of brilliance
 j - 6 potions of haste {@q3}
 l - a potion of magic {unknown}
 o - 4 potions of might
 v - 2 potions of lignification {!q}
 C - a potion of berserk rage {unknown}
 F - a potion of resistance
 M - 8 potions of curing {@q1}
 N - 5 potions of cancellation
 O - 4 potions of stabbing
Books
 V - a manual of Slings {!d}
   (You found it on level 11 of the Dungeon)
Miscellaneous
 K - a tin of tremorstones
 T - a lightning rod (4/4) {!a}
   (You found it on level 11 of the Dungeon)
 Y - a lightning rod (4/4) {!a}
   (You found it on level 3 of the Lair of Beasts)
Comestibles
 e - 36 rations {!d}


   Skills:
 + Level 14.5 Fighting
 - Level 14.2 Maces & Flails
 + Level 12.9 Armour
 - Level 15.0 Shields
 - Level 11.0 Invocations


You had 15 spell levels left.
You didn't know any spells.
Your spell library contained the following spells:

 Spells                   Type           Power        Failure   Level  Hunger
 Animate Skeleton         Necr           N/A          58%         1    ##.....
 Apportation              Tloc           #.....       58%         1    ##.....
 Beastly Appendage        Tmut           #.....       58%         1    ##.....
 Corona                   Hex            #......      58%         1    ##.....
 Freeze                   Ice            #...         58%         1    ##.....
 Magic Dart               Conj           #...         58%         1    ##.....
 Pain                     Necr           #...         58%         1    ##.....
 Shock                    Conj/Air       #...         58%         1    ##.....
 Summon Small Mammal      Summ           #...         58%         1    ##.....
 Searing Ray              Conj           #.....       73%         2    ###....
 Sticks to Snakes         Tmut           #.......     73%         2    ###....
 Swiftness                Chrm/Air       #.......     73%         2    ###....
 Dazzling Flash           Conj/Hex       #.....       91%         3    ####...
 Frozen Ramparts          Ice            #.....       91%         3    ####...
 Ozocubu's Armour         Chrm/Ice       #.......     91%         3    ####...
 Spider Form              Tmut/Pois      #.........   91%         3    ####...
 Static Discharge         Conj/Air       #.......     91%         3    ####...
 Vampiric Draining        Necr           #.........   91%         3    ####...
 Airstrike                Air            #.........   100%        4    #####..
 Animate Dead             Necr           N/A          100%        4    #####..
 Fulminant Prism          Conj/Hex       #.........   100%        4    #####..
 Hailstorm                Conj/Ice       #.......     100%        4    #####..
 Ice Form                 Ice/Tmut       #.......     100%        4    #####..
 Iskenderun's Mystic Bla  Conj/Tloc      #.......     100%        4    #####..
 Summon Ice Beast         Ice/Summ       #.......     100%        4    #####..
 Agony                    Necr           #.......     100%        5    ######.
 Blade Hands              Tmut           #.........   100%        5    ######.
 Lightning Bolt           Conj/Air       #.........   100%        5    ######.
 Chain Lightning          Conj/Air       #.........   100%        8    #######
 Lehudib's Crystal Spear  Conj/Erth      #.........   100%        8    #######
 Fire Storm               Conj/Fire      #.........   100%        9    #######
 Glaciate                 Conj/Ice       #.........   100%        9    #######


Dungeon Overview and Level Annotations

Branches:
Dungeon (15/15)            Temple (1/1) D:4            Lair (6/6) D:10
  Swamp (0/4) Lair:3       Spider (0/4) Lair:3        Slime (0/5) Lair:6
    Orc (1/2) D:11         Vaults (0/5) D:14         Depths (0/5) D:15
  Sewer (visited)           IceCv (visited)

Altars:
Ashenzari
Cheibriados
Dithmenos
Elyvilon
Fedhas
Gozag
Hepliaklqana
Kikubaaqudgha
Makhleb
Nemelex Xobeh
Okawaru
Qazlal
Ru
Sif Muna
Trog
Uskayaw
Vehumet
Wu Jian
Xom
Yredelemnul
Zin
The Shining One
Jiyva

Shops:
D:6 :   D:8 [   D:14 %   D:15 %

Annotations:
Orc:1 Sonja


Innate Abilities, Weirdness & Mutations

You are resistant to torment.
Your stone body is resilient. (AC +12)
You are immune to poison.
Your large and strong wings let you fly indefinitely.
You resist negative energy. (rN+)
You are resistant to electric shocks. (rElec)
You can survive without breathing.
You are immune to petrification.
You are immune to rotting.
[Scrolls take you much longer to read.]
[Your body often deteriorates upon taking damage.]
[You are very dopey. (Int -4)]
[Potions are poor at restoring your health.]


Message History

The phantasmal warrior is unaffected.
The starcursed mass is unaffected.
The starcursed mass is unaffected.
The wraith is unaffected.
The ufetubus is unaffected.
The lich is unaffected.
The starcursed mass is unaffected.
The starspawn tentacle is unaffected.
The wraith is unaffected.
The hungry ghost is unaffected.
Unknown command.
Unknown command.
Unknown command.
Unknown command.
Unknown command.
Unknown command.
Unknown command.
Unknown command.
Unknown command.
Unknown command.
Unknown command.
Unknown command.
Unknown command.
Unknown command.
Your system partially rejects the healing.
You feel better.
The ufetubus disappears in a puff of smoke!
The lich casts a spell at you.
The bolt of negative energy hits you but does no damage.
You resist.
A small abomination comes into view.
You block the tentacled starspawn's attack. x2
The phantasmal warrior hits you but does no damage.
The lich casts a spell at you.
You feel haunted. A chorus of shrieks assaults your mind.
* * * LOW HITPOINT WARNING * * *
Your body deteriorates!
You feel dopey.
The lich gestures at you while chanting.
The poison arrow hits you! You partially resist.
* * * LOW HITPOINT WARNING * * *
Your body deteriorates!
You feel dopey.
The phantasmal warrior blinks!
The hungry ghost hits you.
You feel a lot more hungry.
Unknown command.
Unknown command.
Your system partially rejects the healing.
You feel better. You block the lich's attack.
The tentacled starspawn bites you.
You die... #### #WW### #WWW§# #@L# ## #XL# # . ## . #.###Ww# X. . . .. ...#..W*{## #... . ..........
XXXW..

.. .. .
..........xX5§... .
. ..
........###W##.#...
. . . .......#
#R..##.#. W ... # .
....D.5#X#.... #


You could see 4 starcursed masses, a tentacled starspawn, 2 liches, a wretched
star, a rakshasa, 2 phantasmal warriors, a phantom, a hungry ghost, 3 wraiths, a
small abomination, a starspawn tentacle and an ufetubus.

Vanquished Creatures
  Jorgrun (D:15)
  Rupert (D:15)
  An azure jelly (shapeshifter) (D:15)
  2 fire dragons (D:15)
  A rakshasa (D:10)
  10 hydras
  7 two-headed ogres
  Erica (D:9)
  2 centaur warriors
  5 death yaks (Lair:5)
  2 ogre magi
  A deep troll earth mage (D:11)
  A deep elf knight (D:12)
  A shadow wraith (D:14)
  3 skeletal warriors (D:12)
  A fire crab (D:12)
  3 unseen horrors
  2 wizards
  4 lindwurms (Lair:3)
  A glowing orange brain (D:15)
  2 large abominations (Abyss:1)
  A necromancer (IceCv)
  2 wolf spiders (Lair:6)
  A deep elf mage (D:13)
  A cyclops (shapeshifter) (D:15)
  An oklob plant (D:10)
  An orc sorcerer (D:12)
  3 cyclopes
  10 ugly things
  2 manticores
  16 elephants
  3 ice statues (IceCv)
  A guardian serpent (Lair:6)
  10 black mambas
  6 kobold demonologists
  3 gargoyles (D:10)
  12 spiny frogs
  Maggie (Lair:1)
  4 yaktaurs (D:15)
  An efreet (D:15)
  A rime drake (Lair:3)
  7 ice devils (IceCv)
  A hellion (Abyss:1)
  4 komodo dragons
  9 trolls
  3 hornets
  A harpy skeleton (D:14)
  A polar bear (shapeshifter) (D:14)
  3 jumping spiders (Lair:3)
  9 blink frogs (Lair:1)
  A polar bear (Lair:5)
  A hippogriff (shapeshifter) (D:15)
  7 hippogriffs
  3 slime creatures (D:15)
  4 small abominations (Abyss:1)
  2 shadows
  10 wyverns
  4 redbacks
  A spriggan (D:8)
  38 yaks
  A human (shapeshifter) (D:14)
  4 basilisks
  A steam dragon (D:14)
  4 hungry ghosts
  Edmund (D:6)
  2 acid dragons
  3 swamp worms (Lair:3)
  16 water moccasins
  2 porcupines
  4 ice beasts
  6 orc warriors
  6 sky beasts
  3 black bears
  A necrophage (D:7)
  3 phantoms
  7 ogres
  5 wolves (Lair:4)
  16 centaurs
  10 crocodiles
  A big kobold (D:10)
  20 bullfrogs
  A wyvern skeleton (D:14)
  A scorpion (D:4)
  5 wights (D:10)
  11 killer bees
  An electric eel (Lair:2)
  6 howler monkeys
  4 crimson imps
  A starcursed mass (Abyss:1)
  5 bullfrog skeletons
  4 hounds
  2 jellies
  A bullfrog zombie (D:9)
  A draconian simulacrum (IceCv)
  5 centaur zombies
  4 centaur skeletons
  15 orc priests
  A gnoll shaman (D:9)
  27 orc wizards
  Crazy Yiuf (D:2)
  6 iguanas
  A troll simulacrum (IceCv)
  15 worker ants
  2 spriggan simulacra (IceCv)
  A hound zombie (D:5)
  Robin (D:4)
  2 worker ant zombies
  5 gnolls
  4 naga simulacra (IceCv)
  15 adders
  2 ogre simulacra (IceCv)
  A shadow imp (D:6)
  12 white imps (D:12)
  2 oozes
  A dart slug (D:2)
  10 leopard geckos
  83 orcs
  6 ball pythons
  11 giant cockroaches
  11 hobgoblins
  10 jackals
  4 kobolds
  6 quokkas
  A ball python skeleton (D:4)
  10 bats
  8 frilled lizards
  12 goblins
  2 leopard gecko skeletons
  4 rats
  A butterfly (Lair:5)
  2 fungi
  A lurking horror (Abyss:1)
  A starspawn tentacle (Abyss:1)
706 creatures vanquished.

Vanquished Creatures (collateral kills)
  An ogre (D:15)
1 creature vanquished.

Vanquished Creatures (others)
  An unseen horror (D:15)
  A kobold demonologist (D:12)
  An orc priest (D:10)
  A shadow imp (D:5)
  An orc (D:10)
  17 fungi
  18 plants
  10 starspawn tentacles (Abyss:1)
  7 toadstools (D:1)
57 creatures vanquished.

Grand Total: 764 creatures vanquished

Notes
Turn   | Place    | Note
-------+----------+-------------------------------------------
     0 | D:1      | MrTaco21 the Gargoyle Fighter began the quest for the Orb.
     0 | D:1      | Reached XP level 1. HP: 14/14 MP: 1/1
   204 | D:1      | Reached XP level 2. HP: 8/19 MP: 2/2
   540 | D:1      | Found a shattered altar of Ashenzari.
   807 | D:1      | Reached XP level 3. HP: 23/23 MP: 3/3
  1552 | D:2      | Found a runed translucent door.
  1553 | D:2      | Noticed Crazy Yiuf
  1758 | D:2      | Killed Crazy Yiuf
  1758 | D:2      | Reached XP level 4. HP: 12/28 MP: 4/4
  2285 | D:3      | Noticed a bullfrog
  2289 | D:3      | Killed a bullfrog
  2289 | D:3      | Reached skill level 5 in Maces & Flails
  2289 | D:3      | Reached XP level 5. HP: 20/32 MP: 5/5
  2706 | D:3      | Reached XP level 6. HP: 37/37 MP: 6/6
  3127 | D:4      | Noticed Robin
  3133 | D:4      | Killed Robin
  3223 | D:4      | Reached XP level 7. HP: 41/41 MP: 7/7
  3343 | D:4      | Found a glowing drain.
  3366 | Sewer    | Entered a sewer
  4097 | D:4      | Reached XP level 8. HP: 20/46 MP: 8/8
  4238 | D:4      | Found a staircase to the Ecumenical Temple.
  4381 | Temple   | Entered the Ecumenical Temple
  4620 | Temple   | Became a worshipper of Qazlal Stormbringer
  4675 | D:5      | Entered Level 5 of the Dungeon
  4752 | D:5      | Found a shattered altar of Ashenzari.
  5079 | D:5      | Reached skill level 10 in Maces & Flails
  5185 | D:5      | Found a sparkling altar of Nemelex Xobeh.
  5250 | D:6      | Found Sixuokk's Book Shoppe.
  5306 | D:6      | Found a white marble altar of Elyvilon.
  5457 | D:6      | Noticed Edmund
  5479 | D:6      | Killed Edmund
  6105 | D:7      | Reached XP level 9. HP: 46/51 MP: 9/9
  6495 | D:7      | Reached * piety under Qazlal
  7082 | D:8      | Found Laar Lat's Armour Emporium.
  7760 | D:9      | Reached XP level 10. HP: 54/56 MP: 10/10
  7952 | D:9      | Reached ** piety under Qazlal
  8008 | D:9      | Noticed Erica
  8539 | D:9      | Killed Erica
  8663 | D:10     | Entered Level 10 of the Dungeon
  8738 | D:10     | Reached skill level 4 in Shields
  8889 | D:10     | Reached skill level 5 in Shields
  8960 | D:10     | Found a staircase to the Lair.
  8960 | D:10     | Noticed an oklob plant
  9000 | D:10     | Noticed a rakshasa
  9022 | D:10     | Reached skill level 6 in Shields
  9040 | D:10     | Noticed a gargoyle
  9248 | D:10     | Killed a rakshasa
  9248 | D:10     | Reached skill level 7 in Shields
  9292 | D:10     | Reached skill level 8 in Shields
  9293 | D:10     | Reached *** piety under Qazlal
  9303 | D:10     | Noticed an ogre mage
  9308 | D:10     | Reached XP level 11. HP: 60/60 MP: 11/11
  9398 | D:10     | Reached skill level 9 in Shields
  9560 | D:10     | Reached skill level 10 in Shields
  9631 | D:10     | Noticed a manticore
  9649 | D:10     | Killed a manticore
  9754 | D:10     | Killed an ogre mage
  9872 | D:10     | Reached skill level 11 in Shields
 10412 | D:10     | Killed an oklob plant
 10412 | D:10     | Reached **** piety under Qazlal
 10633 | D:11     | Noticed a cyclops
 10842 | D:11     | Noticed a two-headed ogre
 10928 | D:10     | Killed a cyclops
 10928 | D:10     | Reached skill level 12 in Shields
 11079 | D:11     | Reached ***** piety under Qazlal
 11386 | D:11     | Paralysed by an orc warrior for 4 turns
 11445 | D:11     | Found a staircase to the Orcish Mines.
 11638 | D:11     | Reached skill level 13 in Shields
 11638 | D:11     | Reached XP level 12. HP: 54/64 MP: 12/12
 11706 | D:11     | Killed a two-headed ogre
 11728 | D:11     | Noticed a deep troll earth mage
 11737 | D:11     | Killed a deep troll earth mage
 11754 | D:11     | Noticed a two-headed ogre
 11779 | D:11     | Killed a two-headed ogre
 11928 | D:11     | Reached skill level 14 in Shields
 11940 | D:11     | Got a warped glass ring
 12105 | D:11     | Identified the ring of Toiloyne {Int+3 Dex+3} (You found it
                  | on level 11 of the Dungeon)
 12155 | D:12     | Found a transporter.
 12284 | D:12     | Reached skill level 15 in Shields
 12382 | D:12     | Found a frozen archway.
 12432 | IceCv    | Entered an ice cave
 12467 | IceCv    | Reached skill level 5 in Fighting
 12905 | IceCv    | Found the +4 Cigotuvi's embrace {rRot *Drain rN+}
 12914 | IceCv    | Got a steaming ring mail
 13047 | D:12     | Identified the +1 ring mail of the Slug {*Drain rElec rC++
                  | Slay+4} (You found it in an ice cave)
 13168 | D:12     | Reached XP level 13. HP: 78/78 MP: 13/13
 13266 | D:12     | Reached skill level 1 in Invocations
 13381 | D:12     | Found a transporter.
 14111 | D:13     | You fall into a shaft and drop 1 floor!
 14182 | D:14     | Reached skill level 5 in Armour
 14475 | D:14     | Got a smoking lead ring
 14495 | D:14     | Identified the ring "Zycooruf" {Wiz *Drain rElec rC+ Dex+3}
                  | (You found it on level 14 of the Dungeon)
 14568 | D:14     | Found Tigiomao's Food Shoppe.
 14638 | D:14     | Reached skill level 5 in Invocations
 14784 | D:14     | You fall into a shaft and drop 1 floor!
 14784 | D:15     | Entered Level 15 of the Dungeon
 14796 | D:15     | Reached skill level 10 in Fighting
 14956 | D:15     | Noticed a fire dragon
 15264 | D:14     | Gained mutation: Your large and strong wings let you fly
                  | indefinitely. [Gargoyle growth]
 15264 | D:14     | Reached XP level 14. HP: 83/88 MP: 17/19
 15278 | D:14     | Found a gate to the Vaults.
 15829 | Lair:1   | Entered Level 1 of the Lair of Beasts
 16007 | Lair:1   | Noticed Maggie
 16014 | Lair:1   | Killed Maggie
 17075 | Lair:2   | Got a faintly glowing ring mail
 17076 | Lair:2   | Identified the +4 ring mail "Fucu" {Slay+5} (You found it
                  | on level 2 of the Lair of Beasts)
 18269 | Lair:3   | Got a spiked chain mail
 18278 | Lair:3   | Identified the +2 chain mail of the Ecumenical Temple
                  | {rElec rC+ rN+ MR+} (You found it on level 3 of the Lair of
                  | Beasts)
 18577 | Lair:3   | Found a staircase to the Swamp.
 18692 | Lair:3   | Found a hole to the Spider Nest.
 19214 | Lair:4   | Reached skill level 10 in Armour
 20632 | Lair:6   | Entered Level 6 of the Lair of Beasts
 20632 | Lair:6   | Found a viscous altar of Jiyva.
 20632 | Lair:6   | Found a staircase to the Slime Pits.
 20645 | Lair:5   | HP: 2/92 [death yak (15)]
 20875 | Lair:5   | Reached XP level 15. HP: 68/97 MP: 22/22
 21074 | Lair:6   | Reached skill level 10 in Invocations
 23130 | D:15     | Noticed Jorgrun
 23442 | D:15     | Noticed Rupert
 23490 | D:15     | Killed Rupert
 23782 | D:15     | Killed Jorgrun
 23936 | D:15     | Reached XP level 16. HP: 106/106 MP: 24/24
 23985 | D:15     | Noticed a shadow dragon
 23985 | D:15     | a frost giant changed into a shadow dragon
 23986 | D:15     | a shadow dragon changed into a fire giant
 23993 | D:15     | Noticed a quicksilver dragon
 23993 | D:15     | a fire giant changed into a quicksilver dragon
 23994 | D:15     | a quicksilver dragon changed into an iron troll
 23995 | D:15     | Noticed a shadow dragon
 23995 | D:15     | an iron troll changed into a shadow dragon
 24003 | D:15     | Noticed a quicksilver dragon
 24003 | D:15     | a shadow dragon changed into a quicksilver dragon
 24004 | D:15     | a quicksilver dragon changed into an iron troll
 24008 | D:15     | Noticed an azure jelly
 24008 | D:15     | a frost giant changed into an azure jelly
 24016 | D:15     | Killed an azure jelly
 24109 | D:15     | Found Ecri's Food Shop.
 24420 | D:15     | Found a staircase to the Depths.
 24743 | Orc:1    | Entered Level 1 of the Orcish Mines
 24749 | Orc:1    | Noticed Sonja
 24767 | Orc:1    | Reached ****** piety under Qazlal
 24846 | Orc:1    | Cast into level 1 of the Abyss (Sonja)
 24846 | Abyss:1  | Found a corrupted altar of Lugonu.
 25110 | Abyss:1  | Noticed a lich
 25137 | Abyss:1  | Noticed a tentacled starspawn
 25227 | Abyss:1  | Noticed a bone dragon
 25237 | Abyss:1  | Noticed a tentacled starspawn
 25349 | Abyss:1  | Paralysed by accursed screaming for 1 turns
 25350 | Abyss:1  | Noticed a tentacled starspawn
 25364 | Abyss:1  | HP: 1/107 [lich/poison arrow (11)]
 25365 | Abyss:1  | Slain by a tentacled starspawn

Levels and vault maps discovered:
D:1:      nagdon_arrival_zigzag_paths, layout_basic, grunt_decor_clamped,
          kennysheep_another_room, nicolae_ashenzari_panopticon
D:2:      layout_rooms, first_ration, uniq_crazy_yiuf_cottage
D:3:      layout_rooms, minmay_unequal
D:4:      layout_loops_ring, minmay_temple_entry_nine_rooms,
          portal_sewer_entry_f, uniq_robin
D:5:      layout_rooms, nicolae_overflow_hidden_temple, minmay_misc_feat_room,
          nemelex_diamond_rough_becter
D:6:      layout_rooms, basic_altar, serial_shops, kennysheep_little_box,
          uniq_edmund
D:7:      layout_basic, wad_floor_pattern_1
D:8:      layout_loops_ring, serial_shops, nicolae_shop_stone, the_bakery
D:9:      layout_irregular_city, uniq_erica
D:10:     minmay_imperfect_grid, layout_loops_corners, dpeg_oklobed_lair
D:11:     minmay_shrinking_squares, layout_rooms, hiddenorc2_lemuel,
          enter_bailey_2
D:12:     gammafunk_wand_slinger, layout_loops_ring, portal_ice_cave_entry_imps
D:13:     layout_basic
D:14:     layout_basic, david_vaults_4, serial_shops, shop,
          serial_bayou_shore_b, serial_rivers, chequers_serial_rivers_marsh,
          chequers_serial_rivers_small_3, chequers_serial_rivers_micro_d,
          chequers_serial_rivers_small_3, chequers_serial_rivers_micro_b,
          chequers_serial_rivers_micro_c, minmay_librarian
D:15:     gammafunk_enter_depths_forms, layout_irregular_city,
          grunt_decor_one_mirror, serial_shops, nicolae_shop_stone, uniq_rupert,
          uniq_jorgrun
Temple:   compressed_dpeg_triangle_lava_temple
Lair:1:   layout_loops_ring, serial_rivers, chequers_serial_rivers_micro_a,
          chequers_serial_rivers_small_b, chequers_serial_rivers_marsh,
          chequers_serial_rivers_room_b, chequers_serial_rivers_large_b,
          chequers_serial_rivers_micro_e, uniq_maggie
Lair:2:   layout_loops_ring, serial_bayou_shore_b, infiniplex_staircase_pool
Lair:3:   layout_small_grid, palyth_hydra_swamp_entry,
          nicolae_spider_entry_tight_spaces, minmay_lindwurm_lava
Lair:4:   layout_regular_city
Lair:5:   layout_regular_city, grunt_megastairs_2, lemuel_fruit_fields
Lair:6:   hangedman_lair_tendril_chambers, layout_cave_pods, slime_altar_1,
          nicolae_volcano_entry_hallway
Orc:1:    layout_caves, ebering_ghost_gozag, basic_altar, uniq_gastronok,
          uniq_sonja, uniq_nergalle
Abyss:1:  base: Lair:4, evilmike_abyss_exit_15, evilmike_abyss_exit_4

Skill      XL: |  1  2  3  4  5  6  7  8  9 10 11 12 13 14 15 16 |
---------------+-------------------------------------------------+-----
Maces & Flails | 3 4 5 6 7 9 11 13 14 | 14.2
Shields        | 8 13 15 | 15.0
Fighting       | 8 10 12 14 | 14.5
Invocations    | 6 9 10 11 | 11.0
Armour         | 7 10 12 | 12.9

Action                   |  1- 3 |  4- 6 |  7- 9 | 10-12 | 13-15 | 16-18 || total
-------------------------+-------+-------+-------+-------+-------+-------++-------
Melee: Flail             |   118 |   237 |   599 |  1235 |  1705 |   148 ||  4042
Throw: Dart              |       |       |       |     5 |       |     2 ||     7
Invok: Disaster Area     |       |       |       |     1 |       |     2 ||     3
       Upheaval          |       |       |       |       |     5 |       ||     5
       Elemental Force   |       |       |       |       |     1 |       ||     1
 Abil: Fly               |       |       |       |       |     1 |       ||     1
  Use: Scroll            |       |     2 |     8 |    13 |    19 |     7 ||    49
       Potion            |       |       |     1 |       |     2 |    13 ||    16
 Stab: Invisible         |     1 |       |       |       |       |       ||     1
  Eat: Chunk             |     5 |    11 |    12 |    17 |    21 |     2 ||    68
       Ration            |       |       |       |     1 |     5 |     1 ||     7
Armor: Scale mail        |    96 |   137 |   192 |       |       |       ||   425
       Chain mail        |       |       |   134 |   639 |   907 |   229 ||  1909
Dodge: Dodged            |    41 |    68 |    98 |   199 |   348 |    75 ||   829
       Deflected         |       |       |       |    11 |    11 |     5 ||    27
Block: Kite shield       |    85 |   124 |   202 |   951 |  1649 |   423 ||  3434

Table legend:
 A = Non-vault XP
 B = Vault XP
 C = Vault XP percentage of total XP
 D = Non-vault monster count
 E = Vault monster count
 F = Vault count percentage of total count
                 A         B        C        D         E       F
            +---------+---------+-------+---------+---------+-------
      Total |   84750 |   51461 |  37.8 |     481 |     224 |  31.8
            +---------+---------+-------+---------+---------+-------
        D:1 |      44 |       0 |   0.0 |      22 |       0 |   0.0
        D:2 |      30 |      39 |  56.5 |       7 |       1 |  12.5
        D:3 |     241 |      20 |   7.7 |      29 |       4 |  12.1
        D:4 |     624 |      53 |   7.8 |      29 |      18 |  38.3
        D:5 |     457 |       0 |   0.0 |      10 |       0 |   0.0
        D:6 |     236 |     166 |  41.3 |      10 |       1 |   9.1
        D:7 |     667 |       0 |   0.0 |       8 |       0 |   0.0
        D:8 |    1212 |     220 |  15.4 |      27 |       1 |   3.6
        D:9 |    1623 |    1024 |  38.7 |      32 |       3 |   8.6
       D:10 |    4798 |    5110 |  51.6 |      56 |      32 |  36.4
       D:11 |    2098 |    3956 |  65.3 |      25 |      32 |  56.1
       D:12 |    6376 |    3842 |  37.6 |      25 |      23 |  47.9
       D:13 |    3301 |       0 |   0.0 |      16 |       0 |   0.0
       D:14 |    8656 |    2412 |  21.8 |      28 |       5 |  15.2
       D:15 |   15489 |   11170 |  41.9 |      34 |      10 |  22.7
     Lair:1 |    3668 |     385 |   9.5 |      16 |       1 |   5.9
     Lair:2 |    3732 |       0 |   0.0 |      13 |       0 |   0.0
     Lair:3 |    6361 |    6946 |  52.2 |      22 |      17 |  43.6
     Lair:4 |    6540 |       0 |   0.0 |      22 |       0 |   0.0
     Lair:5 |    7294 |     940 |  11.4 |      13 |       1 |   7.1
     Lair:6 |    8619 |   10340 |  54.5 |      23 |      35 |  60.3
      Orc:1 |     737 |       0 |   0.0 |       6 |       0 |   0.0
    Abyss:1 |    1947 |       0 |   0.0 |       8 |       0 |   0.0
      Sewer |       0 |     264 | 100.0 |       0 |      19 | 100.0
      IceCv |       0 |    4574 | 100.0 |       0 |      21 | 100.0
            +---------+---------+-------+---------+---------+-------
